 Dungeon Crawl Stone Soup version 0.20-a0-514-g839ffe0 (webtiles) character file.

904 xodi the Chopper (level 8, -9/68 HPs)
             Began as a Hill Orc Fighter on Jan 24, 2017.
             Was an Initiate of Beogh.
             Mangled by Menkaure (21 damage)
             ... on level 4 of the Dungeon.
             The game lasted 00:07:00 (3175 turns).

xodi the Chopper (Hill Orc Fighter)                 Turns: 3175, Time: 00:07:01

Health: -9/68      AC:  9    Str: 17 (20) XL:     8   Next: 8%
Magic:  8/8        EV:  8    Int:  5 (8)  God:    Beogh [......]
Gold:   218        SH:  9    Dex:  9 (11) Spells: 7/7 levels left

rFire    + + .     SeeInvis .   q - +4 morningstar (flame)
rCold    x . .     Gourm    .   t - +2 scale mail {rF+}
rNeg     . . .     Faith    .   c - +0 shield
rPois    .         Spirit   .   (no helmet)
rElec    .         Reflect  .   (no cloak)
rCorr    .         Harm     .   (no gloves)
MR       .....                  (no boots)
Stlth    ..........             (no amulet)
Regen    0.3/turn               (no ring)
                                m - ring of fire

@: no status effects
A: blurry vision 1
a: Renounce Religion


You were on level 4 of the Dungeon.
You worshipped Beogh.
Beogh was noncommittal.
You were not hungry.

You visited 1 branch of the dungeon, and saw 4 of its levels.

You collected 218 gold pieces.

Inventory:

Hand Weapons
 a - a +0 war axe
 q - a +4 morningstar of flaming (weapon)
Armour
 b - a +0 scale mail
 c - a +0 shield (worn)
 t - a +2 scale mail of fire resistance (worn)
Jewellery
 m - a ring of fire (left hand)
Scrolls
 e - 3 scrolls of magic mapping {unknown}
 h - a scroll of recharging {unknown}
 j - a scroll of teleportation {unknown}
 k - 5 scrolls of identify {unknown}
 n - a scroll of remove curse {unknown}
 s - a scroll of enchant weapon {unknown}
Potions
 d - a potion of might
 i - 2 potions of curing
 o - a potion of mutation
 p - a potion of haste {unknown}
 r - a potion of heal wounds {unknown}
Comestibles
 f - 3 bread rations
 g - 2 meat rations


   Skills:
 + Level 5.0 Fighting
 - Level 5.7(7.0) Axes
 + Level 5.1(6.0) Maces & Flails
 + Level 5.2 Armour
 + Level 1.4 Dodging
 + Level 0.6 Stealth
 + Level 5.0 Shields


You had 7 spell levels left.
You didn't know any spells.

Dungeon Overview and Level Annotations

Branches:
Dungeon (4/15)
 Temple: D:4-7

Altars:

Annotations:
D:4 Menkaure


Innate Abilities, Weirdness & Mutations

Scrolls take you a little longer to read.


Message History

* * * LOW HITPOINT WARNING * * *
The hound stops to sniff the ground.
You block the hound's attack.
You impale the hound!! You burn the hound.
You kill the hound!
Beogh accepts your kill.
Your Shields skill increases to level 5!
You hear a shout!
Menkaure, Prince of Dust comes into view.
It was a potion of curing.
You feel better.
Menkaure calls on the powers of darkness!
Your body is wracked with pain!
* * * LOW HITPOINT WARNING * * *
It was a potion of mutation.
You feel extremely strange.
You feel stronger.
Your vision blurs.
You feel weaker.
It was a potion of degeneration.
There was something very wrong with that liquid.
You feel weakened.
You feel dopey.
You feel clumsy. Menkaure hits you!!
You die...

#.#.# ########## #.#
###.#.######## #........######.#
#......#...... #.######.#..<.#.#
#............. #...#..#.#.##.#.#
#......#...... ####....#.#..#.#.#
#.............
........#.#.#..#.###.............
...............#.##.......#.p?...
.##.#.#.#.#..#.†@##.......#..p...
.##.......##.###M##.......#......
.####.#..........)#.K.....#......
.##.#.######........p............
.##.#.........###.############.##
....................
#####...........#####
.........<.....#
...###..........#


You could see Menkaure.

Vanquished Creatures
  Pikel (D:4)
  A slave (D:4)
  2 hounds (D:4)
  3 orc wizards (D:3)
  Terence (D:3)
  A worker ant (D:4)
  4 gnolls (D:2)
  10 adders
  An ooze (D:3)
  3 worms
  4 dart slugs
  3 leopard geckos
  9 orcs (D:3)
  3 giant cockroaches
  7 hobgoblins
  3 jackals (D:3)
  2 quokkas (D:3)
  7 bats
  4 frilled lizards
  10 goblins
  5 kobolds
  9 rats
93 creatures vanquished.

Vanquished Creatures (others)
  A slave (D:4)
  An ogre (D:4)
  An orc priest (D:3)
  A leopard gecko (D:3)
  An orc (D:3)
5 creatures vanquished.

Grand Total: 98 creatures vanquished

Notes
Turn   | Place    | Note
-------+----------+-------------------------------------------
     0 | D:1      | xodi the Hill Orc Fighter began the quest for the Orb.
     0 | D:1      | Reached XP level 1. HP: 19/19 MP: 1/1
    92 | D:1      | Reached XP level 2. HP: 25/27 MP: 2/2
   648 | D:1      | Reached XP level 3. HP: 29/33 MP: 3/3
  1064 | D:2      | Reached XP level 4. HP: 14/40 MP: 4/4
  1498 | D:2      | Reached skill level 5 in Axes
  1563 | D:2      | Reached XP level 5. HP: 43/46 MP: 5/5
  1935 | D:3      | Noticed Terence
  1973 | D:3      | Killed Terence
  1973 | D:3      | Reached XP level 6. HP: 13/53 MP: 6/6
  2375 | D:3      | Reached skill level 1 in Maces & Flails
  2450 | D:3      | Became a worshipper of Beogh the Brigand
  3130 | D:4      | Noticed Pikel
  3130 | D:4      | Noticed a slave
  3130 | D:4      | Noticed a slave
  3131 | D:4      | Noticed a slave
  3131 | D:4      | Noticed a slave
  3156 | D:4      | Killed a slave
  3166 | D:4      | Killed Pikel
  3166 | D:4      | Reached skill level 5 in Fighting
  3166 | D:4      | Reached skill level 5 in Maces & Flails
  3166 | D:4      | Reached skill level 5 in Armour
  3166 | D:4      | Reached skill level 1 in Dodging
  3166 | D:4      | Reached XP level 7. HP: 18/61 MP: 7/7
  3166 | D:4      | Reached XP level 8. HP: 20/68 MP: 8/8
  3172 | D:4      | Reached skill level 5 in Shields
  3173 | D:4      | Noticed Menkaure
  3174 | D:4      | Gained mutation: Your muscles are strong. (Str +2) [potion of mutation]
  3174 | D:4      | Gained mutation: Scrolls take you a little longer to read. [potion of mutation]
  3174 | D:4      | Lost mutation: Your muscles are strong. (Str +2) [potion of mutation]
  3175 | D:4      | Mangled by Menkaure

Vault maps used:
D:1:      co_arrival_random_square_maze
D:2:      first_bread
D:3:      minmay_diamond_boxcup, uniq_terence
D:4:      gup_sewer_entry_spiral, uniq_robin, uniq_menkaure, uniq_pikel

Skill      XL: |  1  2  3  4  5  6  7  8 |
---------------+-------------------------+-----
Axes           | 3 4 5 |  5.7
Armour         | 4 5 |  5.2
Fighting       | 4 5 |  5.0
Shields        | 4 5 |  5.0
Maces & Flails | 5 |  5.1
Dodging        | 1 |  1.4
Stealth        | |  0.6

Action                   |  1- 3 |  4- 6 |  7- 9 || total
-------------------------+-------+-------+-------++-------
Melee: War axe           |    97 |   112 |       ||   209
       Morningstar       |       |   152 |     6 ||   158
Invok: Convert to Beogh  |       |     1 |       ||     1
  Use: Potion            |     1 |       |     3 ||     4
  Eat: Chunk             |       |     8 |       ||     8
Armor: Scale mail        |    46 |   153 |     3 ||   202
Dodge: Dodged            |    43 |    71 |     2 ||   116
Block: Shield            |    53 |   112 |     3 ||   168
